Map: Pillars of Gold LE

Players

PartinG - Winner!

  • Race: Protoss Protoss
  • League: Grandmaster
  • Spawn Location: 1:00

SpeCial

  • Race: Terran Terran
  • League: Master
  • Spawn Location: 7:00

Event: ASUS ROG Online 2020

VOD

Have the link to the VOD?

Description

Time

  • Played on: Nov. 27, 2020, 7:23 a.m.
  • Length: 7:35

All games in this series

Show
View Real Time Build Order
Export as new Build Order

PartinG Protoss - Winner!

Build Orders: 1 Gate Expand, Blink Stalkers 

Get SALT Encoding   

  12  0:00  Probe  
  13  0:12  Probe  
  14  0:18  Pylon  
  14  0:24  Probe (Chrono Boost)  
  15  0:37  Gateway  
  15  0:38  Probe (Chrono Boost)  
  16  0:43  Probe (Chrono Boost)  
  16  0:47  Assimilator  
  17  0:52  Probe  
  18  1:04  Probe  
  19  1:16  Probe  
  20  1:23  Cybernetics Core  
  20  1:34  Nexus  
  20  1:40  Zealot (Chrono Boost)  
  22  1:47  Pylon  
  22  1:50  Probe  
  23  1:55  Assimilator  
  23  2:04  Stalker (Chrono Boost)  
  23  2:06  Warp Gate  
  25  2:10  Probe  
  26  2:17  Shield Battery  
  26  2:22  Probe  
  27  2:25  Stalker (Chrono Boost)  
  29  2:37  Shield Battery  
  29  2:38  Probe  
  30  2:45  Stalker (Chrono Boost)  
  30  2:50  Probe  
  33  2:52  Probe  
  34  3:03  Probe  
  34  3:04  Probe  
  36  3:08  Twilight Council  
  36  3:17  Robotics Facility  
  36  3:24  Probe x2  
  36  3:36  Probe x2  
  38  3:44  Blink (Chrono Boost)  
  39  3:48  Probe x2  
  40  4:00  Probe x2  
  41  4:10  Observer  
  41  4:12  Gateway, Probe x2  
  41  4:13  Gateway x2  
  43  4:17  Stalker  
  43  4:20  Pylon  
  43  4:23  Assimilator  
  45  4:24  Probe  
  45  4:30  Pylon  
  46  4:35  Warp Prism (Chrono Boost)  
  47  4:38  Probe  
  47  4:43  Pylon  
  49  4:49  Stalker  
  48  4:59  Probe  
  49  5:01  Probe  
  51  5:07  Observer  
  51  5:09  Stalker x3  
  51  5:12  Probe  
  51  5:13  Probe  
  59  5:17  Stalker  
  61  5:24  Probe  
  61  5:25  Probe  
  62  5:42  Stalker x3  
  64  5:45  Stalker  
  64  5:49  Probe x2  
  70  6:05  Pylon x2  
  70  6:07  Probe x2  
  65  6:16  Stalker x2  
  63  6:19  Probe x2  
  63  6:20  Stalker  
  65  6:27  Stalker x2  
  65  6:31  Probe x2  
  65  6:32  Assimilator  
  71  6:43  Probe x2  
  66  6:47  Stalker x2  
  70  6:55  Probe  
  71  7:03  Probe  
  71  7:06  Stalker x2  
  71  7:07  Probe  
  77  7:10  Robotics Bay  
  77  7:11  Stalker, Zealot  
Show
View Real Time Build Order
Export as new Build Order

SpeCial Terran 

Build Orders:  

Get SALT Encoding   

  12  0:00  SCV  
  13  0:12  SCV  
  14  0:18  Supply Depot  
  14  0:24  SCV  
  15  0:39  SCV  
  15  0:41  Barracks  
  16  0:46  Refinery  
  16  0:51  SCV  
  16  0:56  Refinery  
  17  1:03  SCV  
  18  1:15  SCV  
  19  1:29  Orbital Command, Reaper  
  20  1:47  Factory, Supply Depot  
  20  1:55  SCV  
  22  2:01  Reaper  
  22  2:07  SCV  
  23  2:19  SCV  
  24  2:26  Command Center  
  24  2:31  Hellion  
  24  2:35  SCV  
  27  2:42  Starport  
  27  2:47  SCV  
  28  2:51  Supply Depot  
  28  2:54  Widow Mine  
  30  3:00  Barracks Reactor  
  30  3:03  SCV  
  31  3:16  Widow Mine, SCV  
  34  3:32  SCV  
  34  3:34  Medivac  
  34  3:36  Armory  
  34  3:37  Marine x2  
  34  3:40  Widow Mine  
  38  3:48  SCV  
  39  3:59  Marine  
  39  4:03  Marine  
  40  4:10  Medivac, Widow Mine  
  40  4:11  Orbital Command  
  40  4:13  SCV  
  40  4:17  Marine  
  43  4:21  Marine  
  45  4:25  SCV  
  45  4:28  Supply Depot  
  48  4:31  Widow Mine  
  48  4:35  Marine  
  48  4:38  SCV x2, Marine  
  52  4:50  SCV x2  
  54  4:54  Starport Tech Lab  
  54  4:55  Marine  
  54  4:56  Marine  
  54  4:59  Factory Tech Lab  
  52  5:02  SCV x2  
  52  5:03  Bunker  
  54  5:13  Marine  
  54  5:14  Marine, SCV x2, Viking  
  60  5:24  Bunker  
  60  5:26  SCV  
  61  5:29  Siege Tank  
  61  5:31  Supply Depot, Marine  
  61  5:32  Marine  
  61  5:33  SCV  
  65  5:38  SCV  
  66  5:45  Raven, SCV  
  66  5:49  Marine  
  70  5:52  Marine  
  68  6:01  Siege Tank  
  68  6:04  SCV  
  70  6:06  Marine  
  70  6:10  Marine  
  65  6:12  SCV  
  65  6:16  SCV  
  62  6:19  Command Center  
  62  6:24  Marine  
  61  6:28  SCV x2, Marine  
  63  6:35  Siege Tank  
  64  6:40  SCV  
  64  6:42  Marine  
  64  6:46  Marine  
  64  6:48  SCV  
  64  6:52  SCV  
  66  6:58  Refinery  
  66  6:59  Barracks  
  66  7:00  Barracks, Marine  
  64  7:04  Marine  
  64  7:06  SCV  
  64  7:11  SCV  
  68  7:19  SCV  
Tags
 
Add a new tag
Caveats
  • Supply blocks, unpowered buildings, or Contaminate may cause inaccurate times.
  • Supply counts are checked every 10 seconds.